 Dungeon Crawl Stone Soup version 0.29-a0-393-g47a863cc1b (webtiles) character file.

Game seed: 5209698588915614722

417 zishaf the Skirmisher (level 6, -9/58 HPs)
             Began as a Minotaur Berserker on May 10, 2022.
             Was a Believer of Trog.
             Splashed by a jelly's acid (10 damage)
             ... on level 5 of the Dungeon.
             The game lasted 00:03:04 (3297 turns).

zishaf the Skirmisher (Minotaur Berserker)          Turns: 3297, Time: 00:03:05

Health: -9/58      AC:  5    Str: 24    XL:     6   Next: 61%
Magic:  5/5        EV:  7    Int:  4    God:    Trog [**....]
Gold:   92         SH:  0    Dex:  9    Spells: 5/5 levels left

rFire   . . .      SeeInvis .   q - +5 hand axe
rCold   . . .      Faith    +   (no shield)
rNeg    . . .      Spirit   .   m - +0 plate armour
rPois   .          Reflect  .   (helmet restricted)
rElec   .          Harm     .   e - +1 cloak
rCorr   .          Rampage  .   (no gloves)
Will    .....                   (no boots)
Stlth   ..........              g - amulet of faith
HPRegen 0.19/turn               (no ring)
MPRegen 0.09/turn               (no ring)

@: corroded
A: horns 2, retaliatory headbutt
a: Renounce Religion, Berserk, Trog's Hand


You were on level 5 of the Dungeon.
You worshipped Trog.
Trog was pleased with you.
You visited 1 branch of the dungeon, and saw 5 of its levels.

You collected 92 gold pieces.

Inventory:

Hand Weapons
 a - a +0 hand axe
 q - a +5 hand axe (weapon)
Armour
 b - a +0 animal skin
 e - a +1 cloak (worn)
 m - a +0 plate armour (worn)
Jewellery
 g - an amulet of faith (around neck)
Wands
 o - a wand of mindburst (11)
Potions
 c - 2 potions of flight
 f - 2 potions of mutation
 j - 2 potions of curing {unknown}
 l - a potion of resistance {unknown}
 n - a potion of heal wounds {unknown}
 r - a potion of might {unknown}


   Skills:
 + Level 6.6 Fighting
 + Level 6.6 Axes
 + Level 3.5 Armour
 - Level 2.1 Dodging


You had 5 spell levels left.
You didn't know any spells.
Your spell library was empty.

Dungeon Overview and Level Annotations

Branches:
Dungeon (5/15)
 Temple: D:4-7

Altars:
Kikubaaqudgha

Annotations:
D:4 2 runed translucent doors, Bediveer's ghost, amateur DjCj


Innate Abilities, Weirdness & Mutations

You have a pair of horns on your head.
You reflexively headbutt those who attack you in melee.


Message History

You hit the ogre.
You headbutt the ogre, but do no damage.
The ogre is lightly wounded.
Your ogre hits the ogre with a +0 giant spiked club!!
The ogre hits you with a +0 giant club!
You are too injured to fight recklessly!
You are too injured to fight recklessly!
You are too injured to fight recklessly!
You are too injured to fight recklessly!
You slash the ogre!
You kill the ogre!
Trog accepts your kill.
Found 6 gold pieces.
Things that are here:
a +0 giant club; an ogre corpse Your ogre dissolves into shadows!
Your orc dissolves into shadows!
You hear a distant slurping noise.
A jelly comes into view.
A jelly is nearby!
You slash the jelly!
Your hands burn!
You headbutt the jelly!
The jelly is heavily wounded.
The jelly hits you. The acid corrodes you!
You are splashed with acid!
You are too injured to fight recklessly!
You are too injured to fight recklessly!
You are too injured to fight recklessly!
You hit the jelly. The acid corrodes you!
Your hands burn!
* * * LOW HITPOINT WARNING * * *
The jelly is severely wounded.
The jelly hits you.
* * * LOW HITPOINT WARNING * * *
The acid corrodes you!
You are splashed with acid!
* * * LOW HITPOINT WARNING * * *
You hit the jelly but do no damage.
Your hands burn!
* * * LOW HITPOINT WARNING * * *
The jelly is severely wounded.
The jelly hits you.
* * * LOW HITPOINT WARNING * * *
You are splashed with acid!
You die...

#$ #.. . '... ..
#....##########.#
#............#
#>..).....#
#.........#
#.......<.#
#......@..#
#.......J.#
#.........#
##+#####....
+....# #......
#....#.. ....#..


You could see a jelly.

Vanquished Creatures
  Sigmund (D:3)
  An ogre (D:5)
  A hound (D:4)
  4 gnolls (D:4)
  4 adders
  A worm (D:3)
  2 dart slugs
  11 ball pythons
  2 endoplasms (D:1)
  A giant cockroach (D:2)
  9 hobgoblins
  4 jackals (D:4)
  4 quokkas
  7 bats
  4 frilled lizards
  2 goblins
  10 kobolds
  2 rats
70 creatures vanquished.

Vanquished Creatures (others)
  A human (D:4)
1 creature vanquished.

Grand Total: 71 creatures vanquished

Notes
Turn   | Place    | Note
-------+----------+-------------------------------------------
     0 | D:1      | zishaf the Minotaur Berserker began the quest for the Orb.
     0 | D:1      | Reached XP level 1. HP: 19/19 MP: 0/0
   273 | D:1      | Reached XP level 2. HP: 27/27 MP: 1/1
   990 | D:1      | Found a faded altar of an unknown god.
  1192 | D:2      | Reached XP level 3. HP: 32/34 MP: 2/2
  1517 | D:2      | Reached ** piety under Trog
  1822 | D:2      | Identified the +3 morningstar "Leimnoot" {holy, rElec MP+9
                  | Dex-2}
  2041 | D:3      | Noticed Sigmund
  2051 | D:3      | Killed Sigmund
  2052 | D:3      | Reached XP level 4. HP: 44/44 MP: 3/3
  2052 | D:3      | Reached XP level 5. HP: 50/50 MP: 4/4
  2686 | D:4      | Reached XP level 6. HP: 44/57 MP: 5/5
  2969 | D:4      | Found an ancient bone altar of Kikubaaqudgha.
  2969 | D:4      | Noticed a human
  2973 | D:4      | Killed a human
  3043 | D:4      | Found a large runed translucent door.
  3044 | D:4      | Found a large runed translucent door.
  3049 | D:4      | Noticed Bediveer's ghost (amateur DjCj)
  3226 | D:5      | Entered Level 5 of the Dungeon
  3297 | D:5      | HP: 2/58 [acid (2)]
  3297 | D:5      | Splashed by a jelly's acid

Illustrated notes

Levels and vault maps discovered:
D:1:      saegor_arrival_fortress, layout_basic, serial_aquarium,
          aquarium_bridge_straight [aquarium_subvault_bridge,
          aquarium_subvault_wall, aquarium_subvault_bridge,
          aquarium_subvault_wall], aquarium_bridge_island_large
          [aquarium_subvault_large_4_pools, aquarium_subvault_bridge,
          aquarium_subvault_wall, aquarium_subvault_wall,
          aquarium_subvault_bridge], aquarium_window_1, aquarium_window_2,
          aquarium_window_corner, aquarium_window_fake, aquarium_view_2e,
          aquarium_view_2f, aquarium_balcony_1a, aquarium_pool_split,
          hellmonk_ecumenical_altar_slurped_away, minmay_misc_feat_pillars,
          st_stairs_2
D:2:      layout_loops_corners, st_stairs_6
D:3:      layout_basic, uniq_sigmund
D:4:      layout_cave_pools, tgw_kikubaaqudgha, ebering_ghost_disaster_area
D:5:      layout_gridville, nicolae_overflow_hallway_of_the_gods, serial_shops,
          nicolae_shop_behind_doors, uniq_grinder, uniq_crazy_yiuf_cottage,
          uniq_eustachio, uniq_pikel

Skill      XL: |  1  2  3  4  5  6 |
---------------+-------------------+-----
Fighting       | 4 6 |  6.6
Axes           | 4 6 |  6.6
Armour         | 3 |  3.5
Dodging        | |  2.1

Action                   |  1- 3 |  4- 6 || total
-------------------------+-------+-------++-------
Melee: Hand axe          |    91 |    77 ||   168
       Headbutt          |    13 |    11 ||    24
Invok: Berserk           |     1 |       ||     1
  Use: Scroll            |       |     7 ||     7
Armor: Animal skin       |    26 |       ||    26
       Plate armour      |       |    38 ||    38
Dodge: Dodged            |    65 |    24 ||    89

Table legend: (Time is in decaauts)
 A = Elapsed time spent in this place.
 B = Non-inter-level travel time spent in this place.
 C = Inter-level travel time spent in this place.
 D = Time resting spent in this place.
 E = Time spent auto-exploring this place.
 F = Levels seen in this place.
 G = Mean time per level.
                   A        B        C        D        E       F      G
               +--------+--------+--------+--------+--------+-----+--------+
         Total |   3312 |   3237 |     75 |      0 |   2789 |   5 |  662.4 |
       Dungeon |   3312 |   3237 |     75 |      0 |   2789 |   5 |  662.4 |
               +--------+--------+--------+--------+--------+-----+--------+

Top non-repeatable levels by time:
     D:1: 1168 daAuts
     D:2: 833 daAuts
     D:4: 667 daAuts
     D:3: 572 daAuts
     D:5: 70 daAuts
